[Event "FIDE World School-ch G-17 2025"]
[Site "Vrnjacka Banja"]
[Date "2025.03.25"]
[Round "6.1"]
[White "Buyankhishig, Batpelden"]
[Black "Kusakina, Uliana"]
[Result "1-0"]
[Annotator "NA RC"]
[ECO "A00"]
[WhiteElo "1907"]
[BlackElo "1855"]
[PlyCount "181"]
[EventDate "2025.03.19"]
[EventType "swiss"]
[EventCountry "SRB"]
[SourceTitle "playchess.com"]
[Source "ChessBase"]
[SourceQuality "1"]
[TimeControl "5400+30"]

1. b4 c6 2. c4 d5 3. e3 e5 4. Bb2 Nd7 5. b5 Ngf6 6. Nf3 e4 7. Nd4 c5 8. Nc2 dxc4 9. Nba3 Nb6 10. Nxc4 Bf5 11. h3 h6 12. a4 Be7 13. a5 Nxc4 14. Bxc4 O-O 15. O-O Bg6 16. Ne1 Qd7 17. d4 cxd4 18. Bxd4 Rfc8 19. Qa4 Bh5 20. f3 Qc7 21. Rc1 Qg3 22. f4 Rd8 23. Qc2 Bb4 24. Qf2 Qxf2+ 25. Rxf2 Bxa5 26. f5 Bb6 27. Bxb6 axb6 28. g4 Bxg4 29. hxg4 Nxg4 30. Re2 Ra3 31. Ng2 Ne5 32. Nf4 Ng4 33. Nd5 Kh7 34. Ra2 Rxa2 35. Bxa2 Ra8 36. Bb1 Ra3 37. Bxe4 Nxe3 38. Nxb6 Rb3 39. Rb1 Rxb1+ 40. Bxb1 g6 41. f6 Nd1 42. Nd5 Nb2 43. Kf2 Nc4 44. Ke2 h5 45. b6 Kh6 46. Kd3 Nd6 47. Kd4 Kg5 48. Kc5 Nc8 49. Be4 h4 50. Kd4 Nxb6 51. Nxb6 Kxf6 52. Bxb7 Kg5 53. Ke3 Kg4 54. Kf2 f5 55. Nc4 Kf4 56. Nb2 g5 57. Nd3+ Kg4 58. Ne5+ Kh5 59. Kf3 g4+ 60. Kf4 h3 61. Bd5 Kh4 62. Ng6+ Kh5 63. Kxf5 g3 64. Bf3+ Kh6 65. Nf4 h2 66. Kf6 Kh7 67. Bd5 h1=Q 68. Bxh1 g2 69. Bxg2 Kh8 70. Ne6 Kg8 71. Ng5 Kh8 72. Nf7+ Kg8 73. Be4 Kf8 74. Bh7 Ke8 75. Ne5 Kd8 76. Ke6 Kc7 77. Nd7 Kc6 78. Bd3 Kc7 79. Be4 Kd8 80. Kd6 Ke8 81. Bg6+ Kd8 82. Bf7 Kc8 83. Nc5 Kd8 84. Nb7+ Kc8 85. Kc6 Kb8 86. Kb6 Kc8 87. Be6+ Kb8 88. Nc5 Ka8 89. Bd7 Kb8 90. Na6+ Ka8 91. Bc6# 1-0

[Event "FIDE World School-ch G-17 2025"]
[Site "Vrnjacka Banja"]
[Date "2025.03.25"]
[Round "6.2"]
[White "Altynbek, Aiaru"]
[Black "Seyhan, Pelin"]
[Result "0-1"]
[Annotator "NA RC"]
[ECO "D35"]
[WhiteElo "2005"]
[BlackElo "1924"]
[PlyCount "152"]
[EventDate "2025.03.19"]
[EventType "swiss"]
[EventCountry "SRB"]
[SourceTitle "playchess.com"]
[Source "ChessBase"]
[SourceQuality "1"]
[TimeControl "5400+30"]

1. d4 Nf6 2. Nf3 d5 3. c4 e6 4. Nc3 Nbd7 5. Bf4 Bb4 6. cxd5 exd5 7. Qc2 O-O 8. e3 c5 9. Be2 Qa5 10. O-O c4 11. Nd2 Re8 12. Bf3 Nf8 13. a3 Bxc3 14. bxc3 Ng6 15. Bg3 Bd7 16. Rfe1 Bc6 17. Qb2 h5 18. h3 Re6 19. Bd1 h4 20. Bh2 Rae8 21. Bc2 Nh5 22. Nf3 Rf6 23. Bxg6 Rxg6 24. Nxh4 Rh6 25. Nf5 Rg6 26. Re2 Qd8 27. Ng3 Nxg3 28. Bxg3 Qg5 29. Ree1 Kh7 30. Qe2 Bd7 31. Qf3 Rf6 32. Bf4 Qg6 33. Kh2 Rh8 34. Rg1 Be6 35. g4 Kg8 36. Qg3 Qc2 37. Rac1 Qe2 38. Kg2 Rg6 39. Rge1 Qa2 40. Rh1 Bf5 41. Ra1 Be4+ 42. Kh2 Qd2 43. Rhc1 Qe2 44. Re1 Qd2 45. Rac1 Rf6 46. g5 Rb6 47. Kg1 Rb2 48. h4 Rc2 49. Rb1 Rxc3 50. Rbd1 Qb2 51. Bd6 Rc2 52. Rb1 Re2 53. Rbc1 c3 54. Bb4 c2 55. f3 Rxe1+ 56. Qxe1 Bxf3 57. Bc3 Qb3 58. Bb4 Bd1 59. Qg3 Qd3 60. Kh2 Qe2+ 61. Kh3 Kh7 62. Qf4 Re8 63. Qf5+ Kg8 64. e4 dxe4 65. g6 Qf3+ 66. Qxf3 exf3 67. h5 fxg6 68. hxg6 Re6 69. Bc5 Rxg6 70. d5 b6 71. Bf2 Kf7 72. Ra1 Ke7 73. a4 Kd6 74. a5 Kxd5 75. a6 Kc4 76. Ra4+ Kb3 0-1

[Event "FIDE World School-ch G-17 2025"]
[Site "Vrnjacka Banja"]
[Date "2025.03.25"]
[Round "6.3"]
[White "Newansa, M Esandi"]
[Black "Wang, Chloe Heather"]
[Result "1/2-1/2"]
[Annotator "NA RC"]
[ECO "A48"]
[WhiteElo "1801"]
[BlackElo "1892"]
[PlyCount "49"]
[EventDate "2025.03.19"]
[EventType "swiss"]
[EventCountry "SRB"]
[SourceTitle "playchess.com"]
[Source "ChessBase"]
[SourceQuality "1"]
[TimeControl "5400+30"]

1. d4 Nf6 2. Bf4 g6 3. e3 Bg7 4. Nf3 d6 5. Be2 Nh5 6. Bg5 h6 7. Bh4 g5 8. Nfd2 Nf6 9. Bg3 Nc6 10. c3 e5 11. dxe5 dxe5 12. Bf3 Bd7 13. Nc4 Qe7 14. Bxc6 Bxc6 15. Nxe5 Bxg2 16. Rg1 Bd5 17. Qa4+ Nd7 18. Nxd7 Qxd7 19. Qxd7+ Kxd7 20. Nd2 Rad8 21. h4 Kc8 22. a3 f5 23. O-O-O Bf6 24. hxg5 hxg5 25. f3 1/2-1/2

[Event "FIDE World School-ch G-17 2025"]
[Site "Vrnjacka Banja"]
[Date "2025.03.25"]
[Round "6.4"]
[White "Kirtadze, Anastasia"]
[Black "Vojinovic, Anastasija"]
[Result "1-0"]
[Annotator "TA"]
[ECO "B90"]
[WhiteElo "2180"]
[BlackElo "1857"]
[PlyCount "51"]
[EventDate "2025.03.19"]
[EventType "swiss"]
[EventCountry "SRB"]
[SourceTitle "playchess.com"]
[Source "ChessBase"]
[SourceQuality "1"]
[TimeControl "5400+30"]

1. e4 c5 2. Nf3 d6 3. d4 cxd4 4. Nxd4 Nf6 5. Nc3 a6 6. Nb3 e6 7. g4 b5 8. Bg2 Bb7 {[%emt 0:02:57] The position is equal.} 9. g5 b4 {[%emt 0:03:31] [#]} 10. Nd5 exd5 11. gxf6 Qxf6 (11... dxe4 $11 {keeps the balance.} 12. Qg4 Qxf6) 12. Na5 $16 (12. exd5 Be7 $14) 12... Bc6 13. Be3 {[%emt 0:30:34] And now Nxc6 would win.} Qxb2 $2 {[%emt 0:22:06] [#] A mistake that costs the game.} (13... dxe4 14. Nxc6 Nxc6 15. Bxe4 $16) (13... Be7 $16) 14. O-O $1 $18 (14. exd5 Bb5 $11) 14... Be7 (14... dxe4 {is a better defense.} 15. Qg4 Bd5) 15. Nxc6 ({Don't do} 15. exd5 Bb5 $18) 15... Nxc6 16. exd5 (16. Qxd5 Rc8 $16) 16... Na5 (16... Ne5 17. Bd4 Qa3 18. Bxe5 O-O) 17. Bd4 {[%emt 0:04:05] This pair of bishops is nice.} Qa3 18. Re1 ({Less strong is} 18. Bxg7 Rg8 $16) 18... Rb8 19. Qg4 {[%emt 0:03:05][%cal Oe1e7] Rxe7+! would kill now.} Rg8 20. Re3 (20. Bf6 $142 Nc4 21. Rxe7+ (21. Bxe7 Qc3 $18) 21... Kf8 22. Qd7 Qc1+ 23. Rxc1 Rh8 24. Rxf7+ Kg8 25. Rxg7+ Kf8 26. Qf7#) 20... Qa4 21. Rae1 {[%emt 0:00:12] ?ev?.} Qd7 22. Qxd7+ Kxd7 23. Rxe7+ Kd8 24. Bh3 Rb7 25. Rxb7 Nxb7 26. Bb6# {[%emt 0:00:03] Weighted Error Value: White=0.34/Black=1.62  Mistake:       	---       	Black=4      Inaccurate:     	White=1     	Black=1      OK:         	White=4     	Black=3      Best:        	White=1     	Black=1      Strong:       	White=1     	---} 1-0

[Event "FIDE World School-ch G-17 2025"]
[Site "Vrnjacka Banja"]
[Date "2025.03.25"]
[Round "6.5"]
[White "Maslova, Anastasiya Yar"]
[Black "Dukic, Teona"]
[Result "1-0"]
[Annotator "NA RC"]
[ECO "C54"]
[WhiteElo "1938"]
[BlackElo "1770"]
[PlyCount "101"]
[EventDate "2025.03.19"]
[EventType "swiss"]
[EventCountry "SRB"]
[SourceTitle "playchess.com"]
[Source "ChessBase"]
[SourceQuality "1"]
[TimeControl "5400+30"]

1. e4 e5 2. Nf3 Nc6 3. Bc4 Bc5 4. c3 Nf6 5. d4 exd4 6. e5 d5 7. Bb5 Ne4 8. cxd4 Bb6 9. Nc3 O-O 10. Be3 Bf5 11. Qb3 Ne7 12. O-O h6 13. h3 c6 14. Bd3 Nd2 15. Nxd2 Bxd3 16. Rfe1 Bg6 17. Na4 Nf5 18. Qc3 Nxe3 19. Rxe3 Re8 20. Nb3 f6 21. f4 fxe5 22. fxe5 Rc8 23. Nac5 Qe7 24. Rae1 Bxc5 25. Qxc5 b6 26. Qxe7 Rxe7 27. Rc3 a5 28. Rec1 Rec7 29. a4 Kf7 30. Kf2 Ke6 31. Ke2 Be4 32. g4 Bg6 33. Ke3 Be8 34. h4 Rf7 35. Nd2 Rfc7 36. Rb3 Rb8 37. Nf3 Rcb7 38. Ne1 Rc7 39. Nd3 g5 40. hxg5 hxg5 41. Nc5+ bxc5 42. Rxb8 cxd4+ 43. Kxd4 Bd7 44. Rg8 c5+ 45. Rxc5 Rxc5 46. Kxc5 Kxe5 47. Rxg5+ Kf6 48. Rxd5 Bxa4 49. Kd4 Bd1 50. g5+ Kg6 51. Rxa5 1-0

[Event "FIDE World School-ch G-17 2025"]
[Site "Vrnjacka Banja"]
[Date "2025.03.25"]
[Round "6.6"]
[White "Engel, Ecrin Tuana"]
[Black "Nauanova Zhaniya"]
[Result "0-1"]
[Annotator "NA RC"]
[ECO "B07"]
[WhiteElo "1763"]
[BlackElo "1905"]
[PlyCount "74"]
[EventDate "2025.03.19"]
[EventType "swiss"]
[EventCountry "SRB"]
[SourceTitle "playchess.com"]
[Source "ChessBase"]
[SourceQuality "1"]
[TimeControl "5400+30"]

1. d4 Nf6 2. Bf4 g6 3. Nc3 Bg7 4. e4 d6 5. Qd2 Nbd7 6. O-O-O O-O 7. f3 a6 8. g4 c5 9. dxc5 Nxc5 10. e5 Ne8 11. exd6 Nxd6 12. Nge2 Be6 13. Bxd6 exd6 14. Nd4 Qa5 15. a3 Rac8 16. Kb1 Na4 17. Nxa4 Qxa4 18. Qb4 Qxb4 19. axb4 Bd5 20. Bg2 Rfe8 21. c3 Rcd8 22. Rhg1 Be5 23. h4 Bf4 24. Rh1 Re5 25. h5 Rde8 26. hxg6 fxg6 27. b3 Bf7 28. Bh3 Re3 29. Kc2 Be5 30. c4 b5 31. Bf1 Rc8 32. Kb1 bxc4 33. bxc4 Bxc4 34. Bxc4+ Rxc4 35. Nc2 Rb3+ 36. Kc1 Bf4+ 37. Rd2 Rbc3 0-1